 Dungeon Crawl Stone Soup version 0.17.0-24-gcfadda4 (webtiles) character file.

52208 4thArraOfDagon the Ripper (level 14, 0/79 HPs)
             Began as a Felid Air Elementalist on Nov 15, 2015.
             Was an Elder of Cheibriados.
             Slain by a manticore (8 damage)
             ... on level 1 of the Shoals on Nov 16, 2015.
             The game lasted 02:25:19 (18126 turns).

4thArraOfDagon the Ripper (Felid Air Elementalist) Turns: 18126, Time: 02:25:20

Health: 0/79       AC: 11    Str: 14      XL:     14   Next: 26%
Magic:  19/25      EV: 29    Int: 34      God:    Cheibriados [****..]
Gold:   922        SH:  0    Dex: 33 (34) Spells: 9 memorised, 1 level left
                                        Lives:  0   Deaths: 3

rFire  x . .     SeeInvis +       - Unarmed
rCold  + + +     Clarity  +     (armour unavailable)
rNeg   . . .     SustAt   .     (shield unavailable)
rPois  +         Gourm    .     (helmet unavailable)
rElec  .         Spirit   .     (cloak unavailable)
rCorr  .         Warding  .     (gloves unavailable)
rMut   .         Stasis   .     (boots unavailable)
MR     ++++.                    n - amulet "Hoffup" {Clar MR+}
Stlth  +++++++...               P - +4 ring of protection
                                A - +6 ring of intelligence

@: ice-form, repel missiles, very slow, incredibly resistant to hostile
enchantments, extremely stealthy
A: no armour, no weapons or thrown items, (claws 0), (fangs 0), (thin metallic
scales 0), thin skeletal structure 1, see invisible, carnivore 3, (cold
resistance 0), deterioration 1, (speed 0), low mp 1, magic resistance 1, (poison
resistance), (shaggy fur 0), slow metabolism 1, spit poison 1, MP-powered wands,
(sharp paws)
a: Spit Poison, End Transformation, Bend Time, Temporal Distortion, Slouch,
Renounce Religion


You were on level 1 of the Shoals.
You worshipped Cheibriados.
Cheibriados was greatly pleased with you.
You were completely stuffed.
You were a creature of crystalline ice.
You visited 5 branches of the dungeon, and saw 32 of its levels.
You also visited: Sewer and Ice Cave.

You collected 2873 gold pieces.
You spent 1951 gold pieces at shops.

Inventory:

Jewellery
 n - the amulet "Hoffup" (around neck) {Clar MR+}
   (You took it off a deep elf sorcerer on level 3 of the Elven Halls)

   [amulet of clarity]

   It provides mental clarity.
   It affects your resistance to hostile enchantments.
 p - an uncursed amulet of warding
 x - an uncursed ring of teleportation
 A - a +6 ring of intelligence (left front paw)
 O - an uncursed ring of poison resistance
 P - a +4 ring of protection (right front paw)
 X - an uncursed amulet of resist mutation
Wands
 c - a wand of fire (10)
 d - a wand of disintegration (3)
 m - a wand of teleportation (4)
 q - a wand of draining (4)
 y - a wand of cold (4)
 z - a wand of fireball (9)
 E - a wand of lightning (10)
 G - a wand of teleportation (5)
 I - a wand of draining (9)
 J - a wand of fire (5)
 L - a wand of disintegration (11)
 N - a wand of paralysis (8)
 W - a wand of digging (14)
 Y - a wand of enslavement (12)
Scrolls
 h - 2 scrolls of immolation
 k - a scroll of teleportation
 s - a scroll of identify
 u - 3 scrolls of blinking
 B - 2 scrolls of fog
 F - 5 scrolls of remove curse
 M - 2 scrolls of amnesia
 T - a scroll of recharging
 V - a scroll of fear
 Z - a scroll of summoning
Potions
 f - 4 potions of flight
 g - 5 potions of ambrosia
 i - 8 potions of might
 r - 4 potions of lignification
 t - 3 potions of curing
 C - 4 potions of brilliance
 K - a potion of resistance
Books
 e - a book of Dreams

   Spells                             Type                      Level
   a - Ensorcelled Hibernation        Hexes/Ice                    2
   b - Phase Shift                    Translocation                5
   c - Shadow Creatures               Summoning                    5
   d - Silence                        Hexes/Air                    5
   e - Darkness                       Hexes                        6
   f - Mass Confusion                 Hexes                        6
 j - a book of Party Tricks

   Spells                             Type                      Level
   a - Summon Butterflies             Summoning                    1
   b - Apportation                    Translocation                1
   c - Tukima's Dance                 Hexes                        3
   d - Alistair's Intoxication        Transmutation/Poison         4
   e - Invisibility                   Hexes                        6
 R - Sif Muna's Handbook of Unstable Ice
   (You found it on level 3 of the Elven Halls)

   Spells                             Type                      Level
   a - Freeze                         Ice                          1
   b - Gell's Gravitas                Hexes/Translocation          3
   c - Teleport Other                 Translocation                3
   d - Throw Icicle                   Conjuration/Ice              4
   e - Ice Form                       Ice/Transmutation            4
   f - Warp Weapon                    Charms/Translocation         5
 S - a book of Minor Magic

   Spells                             Type                      Level
   a - Magic Dart                     Conjuration                  1
   b - Blink                          Translocation                2
   c - Call Imp                       Summoning                    2
   d - Repel Missiles                 Charms/Air                   2
   e - Slow                           Hexes                        2
   f - Conjure Flame                  Conjuration/Fire             3
   g - Mephitic Cloud                 Conjuration/Poison/Air       3
Miscellaneous
 a - a plain deck of defence
 o - a crystal ball of energy
 v - 2 phantom mirrors
 D - a phial of floods
 Q - a plain deck of summoning {drawn: 2}
 U - a sack of spiders
Comestibles
 b - 13 meat rations
 l - 7 beef jerkies
 w - a royal jelly
 H - a slice of pizza


   Skills:
 - Level 10.3 Fighting
 * Level 15.2 Dodging
 - Level 12.1 Stealth
 - Level 16.2 Unarmed Combat
 - Level 9.0 Spellcasting
 - Level 2.1 Conjurations
 - Level 1.9 Charms
 - Level 7.1 Translocations
 - Level 5.5 Ice Magic
 - Level 3.6 Air Magic
 - Level 9.2 Invocations
 - Level 4.1 Evocations


You had one spell level left.
You knew the following spells:

 Your Spells              Type           Power        Failure   Level  Hunger
a - Ice Form              Ice/Trmt       ####....     12%         4    None
b - Repel Missiles        Chrm/Air       ####..       1%          2    None
c - Condensation Shield   Ice            ######....   3%          4    None
d - Apportation           Tloc           ######....   1%          1    None
e - Ozocubu's Armour      Chrm/Ice       #####...     1%          3    None
f - Summon Ice Beast      Ice/Summ       ####....     12%         4    None
g - Lightning Bolt        Conj/Air       ####......   28%         5    ###....
h - Blink                 Tloc           N/A          1%          2    None
i - Phase Shift           Tloc           ######....   6%          5    ###....


Dungeon Overview and Level Annotations

Branches:
Dungeon (13/15)            Temple (0/1) D:6            Lair (8/8) D:8
 Shoals (4/4) Lair:6          Orc (4/4) D:10            Elf (3/3) Orc:4
  Snake: Lair:3-6    Spider: Lair:3-6     Slime: Lair:6-8    Vaults: D:13-14

Altars:
Cheibriados
Elyvilon
Nemelex Xobeh
Qazlal
Sif Muna
Trog
Xom
The Shining One
Beogh

Shops:
D:10 }   Orc:4 *!   Elf:1 *   Elf:3 !

Annotations:
D:7 Menkaure
D:13 VAULTS
Lair:1 exclusion: oklob plant
Lair:7 SLIME
Shoals:2 Nikola
Shoals:4 Polyphemus
Orc:2 Snorg


Innate Abilities, Weirdness & Mutations

You cannot wear armour.
You are incapable of wielding weapons or throwing items.
((You have sharp claws.))
((You have razor-sharp teeth.))
You have supernaturally acute eyesight.
You are carnivorous and can eat meat at any time.
((You cover ground quickly.))
((Your thick and shaggy fur keeps you warm (AC +3, rC+).))
You have a slow metabolism.
((Your sharp claws are effective at attacking unaware monsters.))
((You are partially covered in thin metallic scales (AC +2).))
You have a somewhat thin skeletal structure (Dex +2, Stealth).
((Your flesh is cold resistant.))
Your body sometimes deteriorates upon taking damage.
Your magical capacity is low (-10% MP).
You are resistant to hostile enchantments.
((Your system is resistant to poisons.))
You can spit weak poison.
You expend magic power (3 MP) to strengthen your wands.


Message History

There is a stone staircase leading up here.
Casting: Summon Ice Beast
Confirm with . or Enter, or press ? or * to list all spells.
You turn into a creature of crystalline ice.
You climb upwards.
Your summoned ally is left behind.
The siren misses you. The manticore barely misses you.
The manticore misses you. The manticore completely misses you.
There is a stone staircase leading down here.
Unknown command.
You pummel the siren!! You freeze the siren!
You kill the siren!
Cheibriados appreciates the change of pace.
The hippogriff screeches!
You hear an angry hiss.
Unknown command.
You pummel the manticore!! You freeze the manticore.
The manticore is heavily wounded.
The manticore bites you!
* * * LOW HITPOINT WARNING * * *
The manticore claws you!
You die...

≈≈≈≈≈≈≈≈≈≈≈≈≈≈≈
≈≈≈≈≈≈≈≈≈≈≈≈≈≈≈
≈≈≈≈≈≈≈≈≈≈≈≈≈≈≈
≈≈≈≈≈≈≈≈≈≈≈≈≈≈P
≈≈≈≈≈≈≈≈≈≈≈≈≈≈≈
≈≈≈≈≈≈≈≈≈...P
≈≈≈≈≈≈≈≈≈≈).#
≈≈≈≈≈≈≈.HY.#
...
≈≈≈P≈P≈≈##≈..#
..


P≈PP≈P ..≈...# .# .≈P≈PP ≈≈.≈≈≈≈≈≈≈ .####..≈≈PP ≈≈≈S≈≈≈≈H≈P ###..#P≈P.≈
≈≈≈≈≈≈≈≈≈≈≈≈ .#....P≈..≈≈≈≈≈≈≈≈≈≈≈≈≈≈ ....≈≈≈≈≈PP≈≈≈≈≈≈≈≈≈≈≈≈≈ .≈≈≈≈≈≈≈≈≈≈ You
could see a sea snake, a manticore and a hippogriff.

Vanquished Creatures
  2 deep elf blademasters (Elf:3)
  A deep elf master archer (Elf:3)
  Donald (Orc:3)
  6 deep elf sorcerers (Elf:3)
  5 deep elf demonologists (Elf:3)
  5 deep elf annihilators (Elf:3)
  3 deep elf death magi (Elf:3)
  A merfolk javelineer (Shoals:3)
  2 merfolk impalers
  2 blizzard demons (IceCv)
  A deep elf high priest (Elf:3)
  A hydra (Lair:7)
  A merfolk avatar (Shoals:3)
  3 catoblepae (Lair:8)
  2 satyrs (Shoals:3)
  A merfolk aquamancer (Shoals:3)
  An orc high priest (Orc:4)
  10 death yaks
  Urug (Orc:3)
  6 deep elf knights
  4 ice devils (IceCv)
  3 deep elf summoners
  2 sea snakes (Shoals:3)
  2 hill giants
  A hornet (shapeshifter) (Elf:1)
  5 deep elf conjurers
  10 harpies
  A manticore (Shoals:2)
  4 fauns (Shoals:3)
  A griffon (Lair:3)
  An ugly thing (D:11)
  A water nymph (Shoals:3)
  A black mamba (shapeshifter) (D:13)
  11 elephants
  An ice statue (IceCv)
  A black mamba (Lair:5)
  5 sirens
  5 anaconda simulacra (IceCv)
  A golden dragon simulacrum (IceCv)
  10 spiny frogs
  2 komodo dragons
  3 freezing wraiths (IceCv)
  A fire drake (Lair:7)
  3 harpy zombies (Shoals:2)
  6 deep elf priests
  A troll (D:11)
  11 merfolk
  2 wolf spider simulacra (IceCv)
  A wind drake (Shoals:2)
  A boulder beetle (Lair:6)
  13 blink frogs
  2 griffon zombies (Shoals:2)
  5 wyverns
  A dire elephant simulacrum (IceCv)
  10 deep elf fighters
  3 basilisks
  A wraith (D:13)
  4 water elementals
  9 hippogriffs
  11 deep elf magi
  21 yaks
  A mottled dragon (D:11)
  2 harpy simulacra (IceCv)
  4 wolves (Lair:3)
  3 hydra simulacra (IceCv)
  A steam dragon (D:12)
  A hungry ghost (D:8)
  2 vampire mosquitoes (D:12)
  A hippogriff (shapeshifter) (Elf:1)
  2 iron troll simulacra (IceCv)
  2 ice beasts
  8 porcupines
  18 orc warriors
  2 black bears
  2 eyes of draining (D:11)
  8 water moccasins
  3 sky beasts
  7 ogres
  An ettin simulacrum (IceCv)
  11 centaurs
  5 crocodiles
  4 big kobolds
  Blork the orc (D:5)
  15 giant frogs
  A gnoll sergeant (D:9)
  8 scorpions
  An elephant simulacrum (IceCv)
  6 killer bees (D:12)
  6 draconian simulacra (IceCv)
  10 crimson imps
  2 giant frog zombies
  A quasit (D:13)
  3 jellies
  16 orc priests
  A centaur zombie (D:8)
  5 centaur skeletons
  2 giant frog skeletons (D:12)
  4 hounds
  20 orc wizards
  6 iguanas
  3 troll simulacra (IceCv)
  6 worker ants
  11 sheep
  3 spriggan simulacra (IceCv)
  2 polar bear simulacra (IceCv)
  2 centaur simulacra (IceCv)
  A hound skeleton (D:4)
  6 gnolls
  14 adders
  16 river rats
  4 naga simulacra (IceCv)
  2 ogre simulacra (IceCv)
  3 white imps (IceCv)
  6 ufetubi (IceCv)
  3 oozes
  2 adder zombies
  13 worms
  6 giant geckos
  122 orcs
  6 ball pythons
  6 bats
  3 giant cockroaches
  6 goblins
  3 hobgoblins
  15 jackals
  18 kobolds
  5 quokkas
  A ball python skeleton (D:5)
  2 giant newts
  A jackal zombie (D:1)
  15 rats
  A fungus (Lair:8)
739 creatures vanquished.

Vanquished Creatures (collateral kills)
  A deep elf master archer (Elf:3)
  A deep elf death mage (Elf:3)
  A deep elf knight (Elf:1)
  A griffon (Lair:8)
  2 ugly things
  2 komodo dragons
  A polar bear (Lair:6)
  5 yaks (Lair:8)
  A deep elf mage (Elf:3)
  A water elemental (D:12)
  A human (D:12)
  2 deep elf fighters
  A porcupine (Lair:3)
  An orc warrior (Orc:4)
  3 crocodiles
  A big kobold (D:12)
  2 giant frogs
  A worker ant (D:12)
  7 orcs
35 creatures vanquished.

Vanquished Creatures (others)
  A deep elf high priest (Elf:3)
  A deep elf knight (Elf:1)
  A wind drake (Shoals:3)
  A harpy zombie (Shoals:2)
  A hippogriff (Shoals:3)
  A worker ant (D:12)
  A white imp (IceCv)
  3 orcs (Orc:1)
  5 fungi
  14 plants
29 creatures vanquished.

Grand Total: 803 creatures vanquished

Notes
Turn   | Place    | Note
--------------------------------------------------------------
     0 | D:1      | 4thArraOfDagon the Felid Air Elementalist began the quest for the Orb.
     0 | D:1      | Reached XP level 1. HP: 7/7 MP: 4/4
    95 | D:1      | Reached skill level 1 in Conjurations
   187 | D:1      | Reached skill level 3 in Air Magic
   267 | D:1      | Reached XP level 2. HP: 7/11 MP: 6/6
   288 | D:1      | Learned a level 2 spell: Repel Missiles
   518 | D:2      | Learned a level 2 spell: Swiftness
   757 | D:4      | Found a stormy altar of Qazlal.
   801 | D:4      | Reached XP level 3. HP: 14/14 MP: 7/7
   815 | D:4      | Noticed a scorpion
   880 | D:4      | Killed a scorpion
   880 | D:4      | Reached XP level 4. HP: 18/18 MP: 4/8
  1065 | D:4      | Learned a level 1 spell: Freeze
  1081 | D:4      | Reached skill level 1 in Unarmed Combat
  1106 | D:4      | Reached skill level 1 in Fighting
  1162 | D:4      | Reached XP level 5. HP: 12/22 MP: 1/9
  1189 | D:4      | Killed from afar by an orc priest
  1190 | D:4      | Reached XP level 4. HP: -4/19 MP: 3/8
  1282 | D:4      | Found a bloodstained altar of Trog.
  1283 | D:4      | Found a white marble altar of Elyvilon.
  1317 | D:5      | Entered Level 5 of the Dungeon
  1736 | D:5      | Reached XP level 5. HP: 17/22 MP: 4/9
  1799 | D:5      | Noticed a centaur
  1826 | D:5      | Killed a centaur
  1826 | D:5      | Reached skill level 1 in Ice Magic
  1936 | D:5      | Noticed a centaur
  2049 | D:6      | Reached skill level 4 in Dodging
  2049 | D:6      | Gained mutation: You are covered in thick fur (AC +2). [Felid growth]
  2049 | D:6      | Reached XP level 6. HP: 22/26 MP: 10/10
  2053 | D:6      | Found a snail-covered altar of Cheibriados.
  2059 | D:6      | Became a worshipper of Cheibriados the Contemplative
  2089 | D:6      | Found a glowing drain.
  2104 | Sewer    | Entered a sewer
  2156 | Sewer    | Learned a level 3 spell: Ozocubu's Armour
  2293 | Sewer    | Reached * piety under Cheibriados
  2510 | D:6      | Noticed an orc warrior
  2568 | D:5      | Killed a centaur
  2568 | D:5      | Reached XP level 7. HP: 15/30 MP: 11/11
  2767 | D:2      | Found a snail-covered altar of Cheibriados.
  2999 | D:1      | Reached ** piety under Cheibriados
  3297 | D:3      | Found a shimmering altar of Xom.
  3315 | D:3      | Reached skill level 1 in Invocations
  3365 | D:3      | Found a glowing golden altar of the Shining One.
  3542 | D:5      | Noticed an ogre
  3585 | D:5      | Reached skill level 5 in Stealth
  3690 | D:5      | Noticed Blork the orc
  3695 | D:5      | Killed Blork the orc
  3695 | D:5      | Reached *** piety under Cheibriados
  3734 | D:5      | Learned a level 4 spell: Condensation Shield
  3792 | D:5      | Noticed an ogre
  3797 | D:5      | Reached XP level 8. HP: 34/34 MP: 12/12
  3807 | D:5      | Killed an ogre
  3808 | D:5      | :)
  3950 | D:6      | Reached skill level 5 in Dodging
  3950 | D:6      | Reached skill level 5 in Unarmed Combat
  3967 | D:6      | Reached skill level 1 in Charms
  3983 | D:6      | Found a staircase to the Ecumenical Temple.
  4107 | D:6      | Noticed an orc warrior
  4133 | D:7      | Reached skill level 6 in Stealth
  4222 | D:7      | Noticed Menkaure
  4450 | D:7      | at last
  4798 | D:8      | Reached **** piety under Cheibriados
  4798 | D:8      | Reached XP level 9. HP: 39/39 MP: 14/14
  4875 | D:8      | Found a staircase to the Lair.
  4892 | D:7      | Reached skill level 7 in Stealth
  5035 | D:8      | Noticed a troll
  5683 | D:10     | Entered Level 10 of the Dungeon
  5708 | D:10     | Reached skill level 8 in Stealth
  5765 | D:10     | Found a staircase to the Orcish Mines.
  5906 | D:11     | Noticed a cyan ugly thing
  5910 | D:11     | Killed a cyan ugly thing
  5986 | D:10     | Found Perehiak's Gadget Shoppe.
  5995 | D:10     | Bought a wand of teleportation (2) for 252 gold pieces
  6039 | D:10     | Found a deep blue altar of Sif Muna.
  6049 | D:10     | Reached ***** piety under Cheibriados
  6052 | D:10     | Reached skill level 5 in Fighting
  6078 | D:10     | Learned a level 4 spell: Summon Ice Beast
  6122 | D:11     | Reached XP level 10. HP: 44/44 MP: 17/17
  6279 | D:11     | Reached skill level 5 in Ice Magic
  6458 | D:12     | Reached skill level 9 in Stealth
  6630 | D:11     | Noticed a hill giant
  6645 | D:11     | Killed a hill giant
  6774 | D:11     | Noticed an unseen horror
  6880 | D:13     | Noticed a manticore
  6918 | D:13     | Noticed a cyan ugly thing
  6943 | D:13     | Killed a cyan ugly thing
  6946 | D:13     | Reached skill level 10 in Stealth
  7102 | D:13     | Reached skill level 5 in Spellcasting
  7181 | D:13     | Noticed a black mamba
  7183 | D:13     | Killed a black mamba
  7204 | D:13     | Found a sparkling altar of Nemelex Xobeh.
  7235 | D:13     | Noticed a hill giant
  7241 | D:13     | Noticed a manticore
  7242 | D:13     | Killed a hill giant
  7242 | D:13     | Reached XP level 11. HP: 48/48 MP: 19/19
  7303 | D:13     | Noticed a vault guard
  7601 | D:12     | Reached skill level 11 in Stealth
  7822 | D:11     | Noticed a tengu warrior
  7824 | D:11     | Noticed a tengu warrior
  7953 | D:12     | Reached skill level 5 in Invocations
  8029 | D:11     | Noticed a brown ugly thing
  8040 | D:11     | Killed a brown ugly thing
  8207 | D:6      | Killed an orc warrior
  8363 | Orc:1    | Entered Level 1 of the Orcish Mines
  8865 | Orc:4    | Entered Level 4 of the Orcish Mines
  8865 | Orc:4    | Found a staircase to the Elven Halls.
  8901 | Orc:2    | Noticed Snorg
  8931 | Orc:3    | Noticed Urug
  9067 | Orc:3    | Noticed Donald
  9154 | Orc:4    | Found a roughly hewn altar of Beogh.
  9214 | Orc:4    | Found a roughly hewn altar of Beogh.
  9306 | Orc:4    | Reached ****** piety under Cheibriados
  9309 | Orc:4    | Found a roughly hewn altar of Beogh.
  9347 | Orc:4    | Found Dokhla's General Store.
  9352 | Orc:4    | Bought a potion of curing for 42 gold pieces
  9377 | Orc:4    | Found a roughly hewn altar of Beogh.
  9377 | Orc:4    | Found Butret's Distillery.
  9377 | Orc:4    | Noticed an orc high priest
  9407 | Orc:4    | Found a roughly hewn altar of Beogh.
  9545 | Orc:4    | Found a roughly hewn altar of Beogh.
  9607 | Orc:4    | Learned a level 5 spell: Lightning Bolt
  9838 | Orc:4    | Killed an orc high priest
  9846 | Orc:4    | Bought a potion of magic for 104 gold pieces
  9846 | Orc:4    | Bought a potion of mutation for 32 gold pieces
  9846 | Orc:4    | Bought 2 potions of curing for 78 gold pieces
  9846 | Orc:4    | Bought a potion of lignification for 39 gold pieces
  9846 | Orc:4    | Bought a potion of resistance for 130 gold pieces
  9846 | Orc:4    | Bought a potion of lignification for 39 gold pieces
  9846 | Orc:4    | Bought 2 potions of poison for 26 gold pieces
  9847 | Orc:4    | Gained mutation: You are partially covered in thin metallic scales (AC +2). [potion of mutation]
  9847 | Orc:4    | Gained mutation: You are frail (-10% HP). [potion of mutation]
  9888 | Orc:4    | Bought an uncursed ring of poison resistance for 280 gold pieces
 10095 | Lair:1   | Entered Level 1 of the Lair of Beasts
 10177 | Lair:1   | Noticed a death yak
 10184 | Lair:1   | Killed a death yak
 10184 | Lair:1   | Reached skill level 12 in Stealth
 10299 | Lair:2   | Noticed an eight-headed hydra
 10856 | Lair:3   | Gained mutation: Your thick and shaggy fur keeps you warm (AC +3, rC+). [Felid growth]
 10856 | Lair:3   | Reached XP level 12. HP: 48/48 MP: 9/20
 10963 | Lair:3   | Reached skill level 1 in Evocations
 11150 | Lair:4   | Reached skill level 10 in Unarmed Combat
 11300 | Lair:5   | Gained mutation: You can spit weak poison. [potion of mutation]
 11300 | Lair:5   | Gained mutation: You have a somewhat thin skeletal structure (Dex +2, Stealth). [potion of mutation]
 11400 | Lair:5   | Gained mutation: Your flesh is cold resistant. [potion of mutation]
 11400 | Lair:5   | Gained mutation: Your system is resistant to poisons. [potion of mutation]
 11401 | Lair:5   | Gained mutation: Your magical capacity is low (-10% MP). [potion of mutation]
 11401 | Lair:5   | Gained mutation: You expend magic power (3 MP) to strengthen your wands. [potion of mutation]
 11402 | Lair:5   | Gained mutation: Your body sometimes deteriorates upon taking damage. [potion of mutation]
 11402 | Lair:5   | Lost mutation: You are frail (-10% HP). [potion of mutation]
 11711 | Lair:6   | Found a staircase to the Shoals.
 11734 | Lair:6   | Reached skill level 10 in Dodging
 11762 | Lair:6   | Noticed a five-headed hydra
 11887 | Lair:8   | Entered Level 8 of the Lair of Beasts
 12348 | Lair:7   | Reached XP level 13. HP: 33/59 MP: 7/19
 12376 | Lair:7   | Noticed a five-headed hydra
 12381 | Lair:7   | Killed a five-headed hydra
 12596 | Lair:8   | Noticed a catoblepas
 12601 | Lair:8   | Killed a catoblepas
 12660 | Lair:8   | Noticed a catoblepas
 12677 | Lair:8   | Killed a catoblepas
 12817 | Lair:8   | Noticed a catoblepas
 12889 | Lair:8   | Killed a catoblepas
 13197 | Lair:6   | Noticed an eight-headed hydra
 13763 | Elf:1    | Entered Level 1 of the Elven Halls
 13939 | Elf:1    | Found Uxzeucw's Assorted Antiques.
 13950 | Elf:1    | Reached skill level 13 in Unarmed Combat
 13972 | Elf:1    | Bought a scroll labeled GIYRRA LECAGAN for 17 gold pieces
 14004 | Elf:1    | Reached skill level 10 in Fighting
 14120 | Elf:3    | Entered Level 3 of the Elven Halls
 14144 | Elf:3    | Reached XP level 14. HP: 62/66 MP: 9/20
 14184 | Elf:3    | Found Kainooph's Distillery.
 14214 | Elf:3    | Bought a potion of beneficial mutation for 420 gold pieces
 14214 | Elf:3    | Bought a potion of heal wounds for 60 gold pieces
 14214 | Elf:3    | Bought a potion of brilliance for 48 gold pieces
 14214 | Elf:3    | Bought 2 potions of ambrosia for 192 gold pieces
 14214 | Elf:3    | Bought a potion of ambrosia for 96 gold pieces
 14524 | Elf:3    | Bought a potion of invisibility for 96 gold pieces
 14524 | Elf:3    | Gained mutation: You are resistant to hostile enchantments. [potion of beneficial mutation]
 14525 | Elf:3    | :!
 14610 | Elf:3    | Noticed a deep elf sorcerer
 14622 | Elf:3    | Killed a deep elf sorcerer
 14624 | Elf:3    | Noticed a deep elf demonologist
 14630 | Elf:3    | Killed a deep elf demonologist
 14637 | Elf:3    | Noticed a deep elf sorcerer
 14674 | Elf:3    | Killed a deep elf sorcerer
 14674 | Elf:3    | Reached skill level 14 in Unarmed Combat
 14677 | Elf:3    | Noticed a deep elf demonologist
 14684 | Elf:3    | Killed a deep elf demonologist
 14687 | Elf:3    | Noticed a deep elf demonologist
 14693 | Elf:3    | Killed a deep elf demonologist
 14707 | Elf:3    | Noticed a deep elf blademaster
 14713 | Elf:3    | Killed a deep elf blademaster
 14714 | Elf:3    | Noticed a deep elf annihilator
 14721 | Elf:3    | Noticed a deep elf annihilator
 14726 | Elf:3    | Killed a deep elf annihilator
 14736 | Elf:3    | Killed a deep elf annihilator
 14738 | Elf:3    | Noticed a deep elf sorcerer
 14744 | Elf:3    | Killed a deep elf sorcerer
 14753 | Elf:3    | Noticed a deep elf annihilator
 14759 | Elf:3    | Killed a deep elf annihilator
 14759 | Elf:3    | Reached skill level 15 in Unarmed Combat
 14845 | Elf:3    | Noticed a deep elf annihilator
 14849 | Elf:3    | HP: 1/99 [deep elf annihilator/crystal spear (50)]
 14850 | Elf:3    | Noticed a deep elf blademaster
 14857 | Elf:3    | Noticed a deep elf demonologist
 14861 | Elf:3    | Killed a deep elf demonologist
 14864 | Elf:3    | Noticed a deep elf master archer
 14865 | Elf:3    | Noticed a deep elf annihilator
 14868 | Elf:3    | Killed a deep elf annihilator
 14869 | Elf:3    | Noticed a deep elf master archer
 14943 | Elf:3    | Killed a deep elf annihilator
 14965 | Elf:3    | Noticed a deep elf demonologist
 14968 | Elf:3    | Killed a deep elf demonologist
 14988 | Elf:3    | Killed a deep elf master archer
 14992 | Elf:3    | Killed a deep elf master archer
 15080 | Elf:3    | Noticed a deep elf sorcerer
 15103 | Elf:3    | Killed a deep elf sorcerer
 15103 | Elf:3    | Reached skill level 16 in Unarmed Combat
 15106 | Elf:3    | Got a twitching emerald amulet
 15109 | Elf:3    | Identified the amulet "Hoffup" {Clar MR+} (You took it off a deep elf sorcerer on level 3 of the Elven Halls)
 15149 | Elf:3    | Noticed a deep elf sorcerer
 15167 | Elf:3    | Killed a deep elf sorcerer
 15167 | Elf:3    | Reached XP level 15. HP: 69/69 MP: 10/21
 15256 | Elf:3    | Noticed a deep elf sorcerer
 15276 | Elf:3    | Killed a deep elf blademaster
 15319 | Elf:3    | Identified Sif Muna's Handbook of Unstable Ice
 15341 | Elf:3    | Killed a deep elf sorcerer
 15377 | Elf:3    | Learned a level 4 spell: Ice Form
 15391 | Elf:3    | Learned a level 1 spell: Apportation
 15759 | Orc:3    | Killed Urug
 15774 | Orc:3    | Slain by Donald
 15775 | Orc:3    | Reached XP level 14. HP: -4/79 MP: 6/22
 15806 | Orc:3    | Killed Donald
 16100 | Shoals:1 | Entered Level 1 of the Shoals
 16275 | Shoals:3 | Found a frozen archway.
 16290 | IceCv    | Entered an ice cave
 16466 | IceCv    | Learned a level 2 spell: Blink
 16472 | IceCv    | Learned a level 5 spell: Phase Shift
 16725 | IceCv    | Reached skill level 1 in Translocations
 17130 | IceCv    | Reached skill level 5 in Translocations
 17674 | Shoals:4 | Entered Level 4 of the Shoals
 17674 | Shoals:4 | Noticed Polyphemus
 17789 | Shoals:3 | Reached XP level 15. HP: 69/69 MP: 16/26
 17905 | Shoals:2 | Found Qokh's Antique Armour Shop.
 17954 | Shoals:2 | Noticed Nikola
 17972 | Shoals:2 | Slain by a merfolk impaler
 17973 | Shoals:2 | Reached XP level 14. HP: -1/79 MP: 12/25
 18003 | Shoals:2 | Noticed a kraken
 18031 | Shoals:2 | Reached skill level 15 in Dodging
 18126 | Shoals:1 | Slain by a manticore

Action                   |  1- 3 |  4- 6 |  7- 9 | 10-12 | 13-15 || total
-------------------------+-------+-------+-------+-------+-------++-------
Melee: Unarmed           |    21 |     8 |   180 |   577 |   907 ||  1693
 Cast: Shock             |    26 |   104 |   244 |   121 |     3 ||   498
       Swiftness         |     1 |     2 |       |       |       ||     3
       Repel Missiles    |     1 |       |     1 |     1 |     3 ||     6
       Freeze            |       |    19 |    74 |    30 |     2 ||   125
       Ozocubu's Armour  |       |       |     6 |    30 |    56 ||    92
       Condensation Shie |       |       |     5 |    36 |    44 ||    85
       Summon Ice Beast  |       |       |       |    46 |    37 ||    83
       Ice Form          |       |       |       |       |    43 ||    43
Invok: Slouch            |       |       |       |     7 |     9 ||    16
       Temporal Distorti |       |       |       |       |    11 ||    11
 Abil: End Transformatio |       |       |       |       |     1 ||     1
Evoke: Wand              |     1 |    17 |     5 |    11 |     6 ||    40
       Deck              |       |       |       |     2 |       ||     2
  Use: Scroll            |     6 |     6 |    11 |    13 |    15 ||    51
       Potion            |       |     6 |     1 |     8 |    14 ||    29
 Stab: Sleeping          |     6 |       |     9 |    65 |    44 ||   124
       Distracted        |       |       |       |     8 |     7 ||    15
       Invisible         |       |       |       |       |     5 ||     5
  Eat: Chunk             |     7 |    12 |     6 |    25 |    30 ||    80
